 Dungeon Crawl Stone Soup version 0.27-a0-1060-gcb85b5eba1 (webtiles) character file.

Game seed: 4424690470975982756

97 sanka the Magician (level 4, -1/36 HPs)
             Began as a Djinni Summoner on Apr 21, 2021.
             Slain by Ijyb
             ... wielding a +0 club
              (5 damage)
             ... on level 3 of the Dungeon.
             The game lasted 00:05:41 (3671 turns).

sanka the Magician (Djinni Summoner)                Turns: 3671, Time: 00:05:41

Health: -1/36      AC:  2    Str:  7    XL:     4   Next: 68%
Gold:   124        EV: 12    Int: 18    God:
                   SH:  0    Dex: 13

rFire    + + .     SeeInvis .   c - +1 short sword (speed)
rCold    x . .     Faith    .   (no shield)
rNeg     . . .     Spirit   .   g - +0 robe
rPois    ∞         Reflect  .   (no helmet)
rElec    .         Harm     .   (no cloak)
rCorr    .         Rampage  .   (no gloves)
Will     .....                  (boots unavailable)
Stlth    ++........             (no amulet)
HPRegen  0.12/turn              (no ring)
MPRegen  0.00/turn              (no ring)

@: flying
A: fire resistance 2, cold vulnerability 1, float, innate caster, hp casting,
extra vitality 1
a: no special abilities


You were on level 3 of the Dungeon.
You visited 1 branch of the dungeon, and saw 4 of its levels.

You collected 124 gold pieces.


Innate Abilities, Weirdness & Mutations

You are immune to poison.
Your flesh is very heat resistant. (rF++)
You are vulnerable to cold. (rC-)
You float through the air rather than walking.
You learn spells naturally, not from books.
Your magical power is your life essence.
You have superior vitality. (+4 HP)


   Skills:
 + Level 3.6 Fighting
 - Level 2.1 Dodging
 - Level 1.5 Stealth
 - Level 4.0 Spellcasting


You couldn't memorise any spells.
You knew the following spells:

 Your Spells              Type           Power      Damage    Failure   Level
c - Call Canine Familiar  Summ           18%        N/A       9%          3
v - Summon Ice Beast      Ice/Summ       18%        N/A       28%         4
x - Call Imp              Summ           18%        N/A       4%          2
y - Animate Skeleton      Necr           36%        N/A       2%          1
z - Summon Small Mammal   Summ           72%        N/A       2%          1
X - Summon Lightning Spi  Summ/Air       18%        N/A       28%         4
Z - Summon Guardian Gole  Hex/Summ       18%        N/A       9%          3
Your spell library was empty.

Inventory:

Hand Weapons
 a - a +2 dagger of freezing
 c - a +1 short sword of speed (weapon)
Missiles
 o - 4 javelins
Armour
 g - a +0 robe (worn)
Wands
 h - a wand of flame (21)
Scrolls
 d - a scroll of enchant weapon {unknown}
 e - a scroll of identify {unknown}
 i - a scroll of brand weapon {unknown}
 k - a scroll of enchant armour {unknown}
 m - a scroll of vulnerability {unknown}
Potions
 b - a potion of mutation {unknown}
 f - 2 potions of curing {unknown}
 j - a potion of heal wounds {unknown}
 l - a potion of flight {unknown}
 n - a potion of attraction {unknown}

Dungeon Overview and Level Annotations

Branches:
Dungeon (4/15)
 Temple: D:4-7

Altars:

Annotations:
D:3 Ijyb

▒.....▒▒............
▒.....▒▒............
▒.....▒▒.........†..
▒.....▒▒............
▒.....▒▒..<.........
▒▒▒▒..(..▒▒............
.........''..>.........
▒▒▒.5...▒▒............
▒▒..R..▒▒............
▒.gg▒▒▒▒▒............
▒#.5▒▒▒▒▒▒+▒▒▒▒▒▒▒▒▒▒
▒..o...........
▒....▒▒▒▒...... ▒...†.▒
..... ▒...▒.▒▒ .....
▒▒+▒▒..▒ ......
▒▒▒.▒▒......


You could see Ijyb (ally target), an orc, a hobgoblin, a friendly crimson imp
(summoned, poisoned) and a friendly white imp (summoned).


Message History

The bat hits you.
* * * LOW HITPOINT WARNING * * *
Your crimson imp hits Ijyb but does no damage.
Ijyb closely misses you. The bat closely misses you.
Unknown command.
The bat barely misses you.
You hit the bat.
You kill the bat!
Your crimson imp hits Ijyb but does no damage.
Your white imp gestures at Ijyb.
The puff of frost misses Ijyb.
Unknown command.
Aiming: Throw Flame
Aim: Ijyb, wielding a +0 club, wearing a +0 scale mail and carrying a wand of flame (10) (lightly wounded, ally target, 64% to hit)
The puff of flame hits Ijyb.
Ijyb is moderately wounded.
Ijyb zaps a wand.
The puff of flame misses you.
Your crimson imp hits Ijyb but does no damage.
Your white imp hits Ijyb but does no damage.
Aiming: Throw Flame
Aim: Ijyb, wielding a +0 club, wearing a +0 scale mail and carrying a wand of flame (9) (moderately wounded, ally target, 64% to hit)
The puff of flame misses Ijyb.
Aiming: Throw Flame
Aim: Ijyb, wielding a +0 club, wearing a +0 scale mail and carrying a wand of flame (9) (moderately wounded, ally target, 64% to hit)
The puff of flame hits Ijyb.
Ijyb is heavily wounded.
Ijyb hits you with a +0 club.
You die...

Action                   |  1- 3 |  4- 6 || total
-------------------------+-------+-------++-------
Melee: Unarmed           |     9 |       ||     9
       Spear             |    60 |       ||    60
       Dagger            |     2 |    10 ||    12
       Short sword       |       |    66 ||    66
 Cast: Summon Small Mamm |    29 |       ||    29
       Call Imp          |     6 |    11 ||    17
Evoke: Wand              |       |     4 ||     4
 Stab: Sleeping          |     5 |     1 ||     6
       Distracted        |     1 |       ||     1
Armor: Robe              |    10 |    10 ||    20
Dodge: Dodged            |    39 |    52 ||    91

Levels and vault maps discovered:
D:1:      ncdulo_smallfort, layout_loops_ring
D:2:      layout_loops_ring, uniq_jessica
D:3:      layout_basic, chequers_ecumenical_altar_simple_redux, uniq_ijyb
D:4:      layout_rooms, temple_hall, serial_glass, glass_columns_a,
          glass_columns_b, glass_columns_a, glass_columns_a, glass_columns_b,
          glass_columns_c, minivault_27, serial_bayou_lagoon_b, uniq_sigmund

Notes
Turn   | Place    | Note
-------+----------+-------------------------------------------
     0 | D:1      | sanka the Djinni Summoner began the quest for the Orb.
     0 | D:1      | Reached XP level 1. HP: 15/15 MP: 0/0
   401 | D:1      | Reached skill level 4 in Spellcasting
   401 | D:1      | Reached XP level 2. HP: 7/21 MP: 0/0
   988 | D:1      | Reached skill level 1 in Fighting
  1266 | D:1      | Reached XP level 3. HP: 22/28 MP: 0/0
  1266 | D:1      | Learned a level 1 spell: Animate Skeleton
  1464 | D:1      | Reached skill level 2 in Fighting
  1871 | D:2      | Noticed Jessica
  1879 | D:2      | Killed Jessica
  2103 | D:2      | Reached XP level 4. HP: 31/34 MP: 0/0
  2239 | D:2      | Reached skill level 3 in Fighting
  2539 | D:2      | You are sucked into a shaft and drop 2 floors!
  3629 | D:3      | Noticed Ijyb
  3666 | D:3      | HP: 3/36 [bat (1)]
  3671 | D:3      | Slain by Ijyb

Vanquished Creatures
  An adder (D:2)
  3 dart slugs
  2 endoplasms
  3 goblins
  6 jackals
  8 kobolds
  A quokka (D:1)
  2 ball pythons
  4 bats
  3 frilled lizards
  4 rats
37 creatures vanquished.

Vanquished Creatures (collateral kills)
  Jessica (D:2)
  A gnoll (D:1)
  An adder (D:1)
  A worm (D:2)
  A dart slug (D:1)
  A giant cockroach (D:2)
  3 goblins
  A hobgoblin (D:1)
  6 jackals
  2 kobolds (D:1)
  A ball python (D:1)
  A frilled lizard (D:1)
20 creatures vanquished.

Vanquished Creatures (others)
  2 plants (D:4)
2 creatures vanquished.

Grand Total: 59 creatures vanquished
